 Dungeon Crawl Stone Soup version 0.29-a0-219-g0a02b1cf4f (webtiles) character file.

Game seed: 1401452844859966517

79 horus123 the Magician (level 4, -1/24 HPs)
             Began as a Deep Elf Conjurer on Feb 25, 2022.
             Was a Follower of Cheibriados.
             Killed by divine providence
             ... invoked by an orc priest
              (13 damage)
             ... on level 3 of the Dungeon.
             The game lasted 00:04:58 (2428 turns).

horus123 the Magician (Deep Elf Conjurer)           Turns: 2428, Time: 00:04:58

Health: -1/24      AC:  2    Str:  6    XL:     4   Next: 17%
Magic:  7/14       EV: 12    Int: 27    God:    Cheibriados [*.....]
Gold:   137        SH:  0    Dex: 15    Spells: 10/15 levels left

rFire   . . .      SeeInvis .   f - +1 whip (venom)
rCold   + + .      Faith    .   (no shield)
rNeg    . . .      Spirit   .   a - +0 robe
rPois   .          Reflect  .   (no helmet)
rElec   .          Harm     .   (no cloak)
rCorr   .          Rampage  .   (no gloves)
Will    .....                   (no boots)
Stlth   ++........              (no amulet)
HPRegen 0.08/turn               c - ring of protection from cold
MPRegen 0.14/turn               m - ring of protection from cold

@: very slow
A: no striking features
a: Renounce Religion, Bend Time


You were on level 3 of the Dungeon.
You worshipped Cheibriados.
Cheibriados was aware of your devotion.
You visited 1 branch of the dungeon, and saw 3 of its levels.

You collected 137 gold pieces.

Inventory:

Hand Weapons
 f - a +1 whip of venom (weapon)
Armour
 a - a +0 robe (worn)
Jewellery
 c - a ring of protection from cold (left hand)
 m - a ring of protection from cold (right hand)
Scrolls
 d - a scroll of amnesia
 k - a scroll of teleportation
Potions
 b - a potion of flight {unknown}
 e - a potion of cancellation {unknown}
 g - a potion of heal wounds {unknown}
 h - a potion of haste {unknown}
 i - 2 potions of brilliance {unknown}
 j - a potion of curing {unknown}
 l - a potion of degeneration {unknown}


   Skills:
 - Level 2.4 Dodging
 - Level 2.4 Stealth
 - Level 6.0 Spellcasting
 - Level 4.3 Conjurations
 + Level 0.9 Necromancy


You had 10 spell levels left.
You knew the following spells:

 Your Spells              Type           Power      Damage    Failure   Level
a - Magic Dart            Conj           100%       1d8       1%          1
b - Searing Ray           Conj           62%        2d6       1%          2
c - Sublimation of Blood  Necr           13%        N/A       7%          2

Your spell library contained the following spells:

 Spells                   Type           Power      Damage    Failure   Level
 Dazzling Flash           Conj/Hex       38%        N/A       8%          3
 Fulminant Prism          Conj/Hex       9%         3d7       26%         4
 Iskenderun's Mystic Bla  Conj/Tloc      19%        2d6       26%         4
 Petrify                  Tmut/Erth      8%         N/A       54%         4
 Irradiate                Conj/Tmut      9%         3d16      58%         5


Dungeon Overview and Level Annotations

Branches:
Dungeon (3/15)

Altars:
Cheibriados


Message History

The magic dart hits the bat.
The bat is heavily wounded.
The bat hits you but does no damage.
A bat is nearby!
The magic dart hits the bat.
You kill the bat!
Cheibriados thoroughly appreciates the change of pace.
An orc comes into view. It is wielding a +0 club.
The orc moves out of view.
An orc comes into view. It is wielding a +0 hand axe.
An orc priest comes into view. It is wielding a +0 dagger.
The orc moves out of view.
The magic dart hits the orc.
The orc is severely wounded.
The orc shouts!
You hear a shout!
The magic dart hits the orc.
You kill the orc!
Cheibriados appreciates the change of pace.
The magic dart hits the orc!
You kill the orc!
Cheibriados appreciates the change of pace.
You can now bend time to slow others.
Cheibriados raises the support of your attributes as your movement slows.
Casting: Magic Dart (safe; 1% risk of failure)
Confirm with . or Enter, or press ? or * to list all spells.
Aiming: Searing Ray (safe; 1% risk of failure)
Press: ? - help, Shift-Dir - straight line, f - orc priest
Aim: an orc priest, wielding a +0 dagger (79% to hit)
The searing ray misses the orc priest. (Press . to maintain the ray.)
The searing ray hits the orc priest.
The orc priest is moderately wounded.
The orc priest invokes the aid of Beogh against you.
Pain shoots through your body!
Ouch! That really hurt!
The searing ray misses the orc priest.
The orc priest invokes the aid of Beogh against you.
Beogh smites you!
Ouch! That really hurt!
You die...

#.# #.# #.# #.# #.#
#.# ####### #.#
#.....###.# #
###........@#..#.#
.............o...#
#######...#.##.###
#<..†....†#... ..
##############..)..
.... ..# .


You could see an orc priest.

Vanquished Creatures
  A hound (D:2)
  A worm (D:3)
  2 orcs (D:3)
  7 endoplasms
  5 goblins
  4 hobgoblins (D:1)
  7 ball pythons
  6 bats
  2 frilled lizards (D:2)
  6 kobolds
  3 rats
44 creatures vanquished.

Vanquished Creatures (others)
  4 plants (D:2)
4 creatures vanquished.

Grand Total: 48 creatures vanquished

Notes
Turn   | Place    | Note
-------+----------+-------------------------------------------
     0 | D:1      | horus123 the Deep Elf Conjurer began the quest for the Orb.
     0 | D:1      | Reached XP level 1. HP: 10/10 MP: 6/6
   244 | D:1      | Reached skill level 4 in Spellcasting
   244 | D:1      | Reached XP level 2. HP: 7/15 MP: 5/9
   388 | D:1      | Learned a level 2 spell: Searing Ray
   449 | D:1      | Learned a level 2 spell: Sublimation of Blood
   967 | D:1      | Found a faded altar of an unknown god.
  1360 | D:2      | Found a snail-covered altar of Cheibriados.
  1370 | D:2      | Became a worshipper of Cheibriados the Contemplative
  1435 | D:2      | Reached XP level 3. HP: 19/19 MP: 9/11
  1495 | D:2      | Reached skill level 5 in Spellcasting
  2022 | D:2      | Reached XP level 4. HP: 24/24 MP: 8/13
  2081 | D:2      | Reached skill level 6 in Spellcasting
  2425 | D:3      | Reached * piety under Cheibriados
  2428 | D:3      | Killed from afar by an orc priest

Illustrated notes

Levels and vault maps discovered:
D:1:      enne_arrival_octagon_isle, layout_basic,
          dreamdust_ecumenical_altar_statues
D:2:      wad_lake_hut, layout_loops_ring, basic_altar
D:3:      layout_basic, grunt_temple_overflow_order_and_chaos_1, uniq_ijyb,
          uniq_sigmund

Skill      XL: |  1  2  3  4 |
---------------+-------------+-----
Spellcasting   | 4 5 6 |  6.0
Dodging        | |  2.4
Stealth        | |  2.4
Conjurations   | |  4.3
Necromancy     | |  0.9

Action                   |  1- 3 |  4- 6 || total
-------------------------+-------+-------++-------
Melee: Short sword       |     1 |       ||     1
       Spear             |     1 |       ||     1
       Whip              |     1 |     1 ||     2
 Cast: Magic Dart        |    62 |    13 ||    75
       Searing Ray       |     1 |     2 ||     3
  Use: Scroll            |     5 |       ||     5
Armor: Robe              |     4 |     1 ||     5
Dodge: Dodged            |     2 |     1 ||     3

Table legend: (Time is in decaauts)
 A = Elapsed time spent in this place.
 B = Non-inter-level travel time spent in this place.
 C = Inter-level travel time spent in this place.
 D = Time resting spent in this place.
 E = Time spent auto-exploring this place.
 F = Levels seen in this place.
 G = Mean time per level.
                   A        B        C        D        E       F      G
               +--------+--------+--------+--------+--------+-----+--------+
         Total |   2689 |   2633 |     56 |    181 |   2186 |   3 |  896.3 |
       Dungeon |   2689 |   2633 |     56 |    181 |   2186 |   3 |  896.3 |
               +--------+--------+--------+--------+--------+-----+--------+

Top non-repeatable levels by time:
     D:2: 1386 daAuts
     D:1: 1208 daAuts
     D:3: 94 daAuts
